AoeStats
← yeah_dkb

Hill Fort

504636689Analyzed
2v2 RM · 26d ago on Sep 6, 2026· 57m 30s· 4 players
Game mode
Random Map
Map size
Medium (4 player)
Population
200
Speed
Normal
Resources
Standard
Victory
Conquest
Starting age
Dark Age
Ending age
Imperial Age
RankedLock teamsTeams togetherTeam positionsShared explorationLock speedFull tech treeHidden civsTurbo modeCheats
Victory
Defeat
🇺🇸 Armenians · United States
902
+19
🇺🇸 Aztecs · United States
899
+19
🇺🇸 Armenians · United States
971
-19
🇺🇸 Cumans · United States
968
-19
yeah_dkb
9:49 Feudal Age
24:29 Castle Age
23:12 Fletching
23:22 Padded Archer Armor
24:03 Loom
24:25 Double-Bit Axe
24:57 Capped Ram
27:43 Crossbowman
35:08 Bodkin Arrow
35:29 Leather Archer Armor
40:49 Thumb Ring
50:56 Wheelbarrow
58:50 Imperial Age
in3rt!a
5:48 Loom
9:44 Feudal Age
9:58 Man-at-Arms
10:49 Arson
10:45 Long Swordsman
19:20 Scale Mail Armor
23:09 Fletching
29:57 Castle Age
28:04 Horse Collar
28:12 Double-Bit Axe
29:58 Elite Skirmisher
31:40 Bodkin Arrow
33:28 Crossbowman
35:35 Padded Archer Armor
38:49 Forging
38:57 Chain Mail Armor
43:42 Wheelbarrow
47:01 Imperial Age
45:10 Ballistics
45:20 Heavy Plow
46:03 Leather Archer Armor
46:31 Squires
46:31 Gold Mining
48:14 Murder Holes
48:41 Town Watch
49:54 Elite Composite Bowman
53:51 Masonry
54:34 Two-Handed Swordsman
Broseph Stylin
12:57 Feudal Age
13:33 Double-Bit Axe
15:18 Wheelbarrow
14:42 Horse Collar
14:27 Man-at-Arms
15:30 Arson
18:14 Gold Mining
24:40 Castle Age
25:56 Hand Cart
26:30 Scale Mail Armor
25:54 Long Swordsman
26:37 Squires
26:25 Gambesons
26:58 Forging
26:47 Stone Mining
28:49 Bow Saw
28:44 Eagle Warrior
30:02 Heavy Plow
30:44 Chain Mail Armor
32:11 Gold Shaft Mining
32:14 Stone Shaft Mining
38:47 Imperial Age
37:00 Iron Casting
36:45 Loom
36:46 Town Watch
37:39 Fervor
37:47 Caravan
40:21 Town Patrol
41:33 Garland Wars
41:26 Two-Handed Swordsman
42:46 Crop Rotation
43:36 Elite Jaguar Warrior
45:04 Plate Mail Armor
45:53 Blast Furnace
51:11 Atonement
51:22 Redemption
51:12 Devotion
51:38 Illumination
51:28 Block Printing
51:09 Herbal Medicine
51:50 Theocracy
51:35 Heresy
51:36 Sanctity
51:19 Atlatl
50:42 Elite Eagle Warrior
50:44 Champion
56:18 Padded Archer Armor
56:09 Fletching
BB
6:42 Loom
6:46 Loom
10:05 Feudal Age
10:14 Man-at-Arms
11:09 Double-Bit Axe
11:35 Arson
14:50 Long Swordsman
18:53 Forging
20:19 Wheelbarrow
25:31 Scale Mail Armor
29:16 Castle Age
27:50 Gold Mining
28:58 Horse Collar
29:31 Stone Mining
29:46 Two-Handed Swordsman
31:31 Squires
31:46 Gambesons
36:53 Champion
40:38 Hand Cart
46:10 Heavy Plow
47:19 Caravan
50:48 Imperial Age
50:50 Capped Ram
55:10 Iron Casting
54:51 Chain Mail Armor
54:57 Fereters
55:14 Conscription
56:10 Town Watch
57:07 Bow Saw
57:33 Gold Shaft Mining
56:56 Siege Ram
Connection lost

Rejoining the realm…

Still unreachable

The connection could not be restored.

Session expired

The server has moved on; the page needs a fresh start.